 Dungeon Crawl Stone Soup version 0.21-a0-193-g085b6a0 (webtiles) character file.

3785 MackTheKnife the Cleaver (level 9, -13/69 (71) HPs)
             Began as a Demonspawn Gladiator on Aug 14, 2017.
             Was a Believer of Makhleb.
             Mangled by a two-headed ogre
             ... wielding a cursed -1 giant club
              (15 damage)
             ... on level 9 of the Dungeon.
             The game lasted 00:26:24 (12757 turns).

MackTheKnife the Cleaver (Demonspawn Gladiator)    Turns: 12757, Time: 00:26:24

HP:   -13/69 (71)   AC: 12    Str: 16    XL:     9   Next: 95%
MP:   9/9           EV: 12    Int: 16    God:    Makhleb [**....]
Gold: 210           SH:  5    Dex: 15    Spells: 8/8 levels left

rFire    + . .     SeeInvis .   a - +2 hand axe (chop)
rCold    . . .     Gourm    +   j - +0 buckler
rNeg     . . .     Faith    .   c - +1 ring mail
rPois    .         Spirit   .   (helmet restricted)
rElec    .         Reflect  .   (no cloak)
rCorr    .         Harm     .   (no gloves)
MR       .....                  (no boots)
Stlth    +.........             b - amulet of the gourmand {Gourm, !d}
HPRegen  0.21/turn              q - ring of protection from fire {rF+, !d}
MPRegen  0.11/turn              u - +5 ring of intelligence

@: sanguine armour
A: horns 2, sanguine armour 1
a: Minor Destruction, Renounce Religion


You were on level 9 of the Dungeon.
You worshipped Makhleb.
Makhleb was pleased with you.
You were not hungry.

You visited 2 branches of the dungeon, and saw 10 of its levels.

You collected 410 gold pieces.
You spent 200 gold pieces at shops.

Inventory:

Hand Weapons
 a - a +2 hand axe of chopping (weapon)
   (You bought it in a shop on level 4 of the Dungeon)
 w - a +0 blowgun
   (You found it on level 6 of the Dungeon)
Missiles
 x - 6 curare-tipped needles
 y - 15 poisoned needles
Armour
 c - a +1 ring mail (worn)
   (You found it on level 2 of the Dungeon)
 j - a +0 buckler (worn)
   (You found it on level 2 of the Dungeon)
Jewellery
 b - an amulet of the gourmand (around neck) {Gourm, !d}
   (You found it on level 2 of the Dungeon)
 q - a ring of protection from fire (left hand) {rF+, !d}
   (You bought it in a shop on level 4 of the Dungeon)
 u - a +5 ring of intelligence (right hand)
   (You found it on level 5 of the Dungeon)
Wands
 m - a wand of polymorph (3/24)
   (You found it on level 3 of the Dungeon)
 A - a wand of iceblast (0/15)
   (You found it on level 8 of the Dungeon)
 D - a wand of confusion (30/48)
   (You found it on level 9 of the Dungeon)
Scrolls
 e - 2 scrolls of teleportation
 n - a scroll of enchant armour
 o - 4 scrolls of remove curse
 p - a scroll of identify
 t - 2 scrolls of immolation {!r}
Potions
 g - a potion of invisibility
 i - 5 potions of curing
 k - a potion of agility
 l - 2 potions of resistance
 s - a potion of might
 v - 3 potions of magic
 z - a potion of brilliance {unknown}
 B - a potion of heal wounds
 C - a potion of experience {unknown}
Comestibles
 d - 3 meat rations {@e2}
 f - 11 bread rations {@e1}
 h - 3 royal jellies
 r - a fruit


   Skills:
 + Level 6.9 Fighting
 + Level 10.9 Axes
 - Level 1.7 Throwing
 - Level 2.6 Dodging
 - Level 4.3 Shields


You had 8 spell levels left.
You didn't know any spells.

Dungeon Overview and Level Annotations

Branches:
Dungeon (9/15)             Temple (1/1) D:6
   Lair: D:8-11         Orc: D:9-12

Altars:
Ashenzari
Cheibriados
Dithmenos
Elyvilon
Fedhas
Gozag
Hepliaklqana
Kikubaaqudgha
Makhleb
Nemelex Xobeh
Qazlal
Ru
Trog
Uskayaw
Vehumet
Wu Jian
Xom
Yredelemnul
Zin
The Shining One

Shops:
D:4 :(*(?

Annotations:
D:2 exclusion: Sigmund, Sigmund
D:3 Pikel


Innate Abilities, Weirdness & Mutations

You have a pair of horns on your head.
When seriously injured, your bleeding wounds create armour. (AC +6)


Message History

Items here: ))))) a whip; a dagger; a short sword x2; a dagger
There is a stone staircase leading down here.
You climb downwards.
There is a stone staircase leading up here.
f - 11 bread rations {@e1} (gained 1)
A black bear comes into view.
The black bear growls angrily.
The black bear moves out of view.
A phantom comes into view.
Something bites the fungus.
Something claws the fungus.
Something claws the fungus but does no damage.
Found a stone staircase leading up.
Found a stone staircase leading down.
There is a stone staircase leading down here.
You see here 26 arrows.
You open the door.
You now have 199 gold pieces (gained 11).
There is an open door here.
A wyvern skeleton comes into view.
The wyvern skeleton bites you but does no damage.
The wyvern skeleton closely misses you. The wyvern skeleton bites you.
You take 6 damage, and have 63/69 hp.
You hit the wyvern skeleton. You slash the wyvern skeleton!
The wyvern skeleton closely misses you.
You barely miss the wyvern skeleton. You block the wyvern skeleton's attack.
You slash the wyvern skeleton! You block the wyvern skeleton's attack.
You barely miss the wyvern skeleton. You headbutt the wyvern skeleton.
The wyvern skeleton bites you but does no damage.
You hit the wyvern skeleton.
You destroy the wyvern skeleton!
Makhleb accepts your kill.
You start resting.
Health restored: 69 You open the door.
There is an open door here.
You now have 210 gold pieces (gained 11).
You open the door.
There is an open door here.
You open the door.
There is an open door here.
An ogre comes into view. It is wielding a giant club.
The ogre shouts!
An ogre is nearby!
An ogre is nearby!
Aim: an ogre, wielding a giant club You fail to use your ability.
Aim: an ogre, wielding a giant club The puff of flame hits the ogre.
You take 1 damage, and have 68/69 hp.
You hit the ogre. You headbutt the ogre! You hit the ogre.
You headbutt the ogre!
You kill the ogre!
Makhleb accepts your kill.
Health restored: 69 No target in view!
No target in view!
You found an alarm trap!
You open the door.
Found a stone staircase leading down.
There is an open door here.
A two-headed ogre opens the door.
It is wielding a giant club and a giant spiked club.
A two-headed ogre is nearby!
A two-headed ogre is nearby!
Aim: a two-headed ogre, wielding a giant club and a giant spiked club (hasn't noticed you)
Okay, then.
Aim: a two-headed ogre, wielding a giant club and a giant spiked club (hasn't noticed you, chance to defeat MR: 28%)
The two-headed ogre shouts in stereo!
The two-headed ogre easily resists.
Evoking this partially-identified wand wasted a few charges.
Aim: a two-headed ogre, wielding a giant club and a giant spiked club The mass of ice explodes!
The iceblast engulfs the two-headed ogre.
Evoking this partially-identified wand wasted a few charges.
You hear a croak.
Aim: a two-headed ogre, wielding a giant club and a giant spiked club (moderately wounded)
The mass of ice explodes!
The iceblast engulfs the two-headed ogre.
Evoking this partially-identified wand wasted a few charges.
You slash the two-headed ogre! You headbutt the two-headed ogre.
The two-headed ogre hits you with a giant club!!
The two-headed ogre hits you but does no damage.
You take 22 damage, and have 47/69 hp.
MASSIVE DAMAGE!!
You slash the two-headed ogre!
You hit the two-headed ogre but do no damage.
Your headbutt misses the two-headed ogre.
You block the two-headed ogre's attack. The two-headed ogre barely misses you.
You hit the two-headed ogre. You headbutt the two-headed ogre.
You hit the two-headed ogre but do no damage.
Your headbutt misses the two-headed ogre.
The two-headed ogre hits you with a giant club!!
Your blood congeals into armour.
The two-headed ogre hits you with a giant spiked club!!
* * * LOW HITPOINT WARNING * * *
You take 45 damage, and have 2/69 hp.
MASSIVE DAMAGE!!
Nothing appears to happen.
The two-headed ogre hits you with a giant club!
You die...

###################
#.................'
#.............#...#
#.>...........'.#
#.............#
#.............#
#.............#
#.....@O......#
#####'#########
#....#
#######.######
.............#
.........^...##.+
................#
......)......####
........(....#


You could see a two-headed ogre.

Vanquished Creatures
  Duvessa (D:5)
  2 orc warriors
  A swamp drake (D:5)
  A sky beast (D:7)
  2 black bears
  4 ice beasts
  2 phantoms
  4 slaves
  A necrophage (D:5)
  4 ogres
  A centaur (D:8)
  A big kobold (D:8)
  A wyvern skeleton (D:9)
  Dowan (D:5)
  A scorpion (D:8)
  A killer bee (D:6)
  12 wights (D:7)
  5 howler monkeys
  A crimson imp (D:8)
  2 hounds
  An orc priest (D:6)
  3 bullfrog skeletons
  2 jellies
  8 orc wizards
  Terence (D:3)
  3 iguanas
  6 worker ants
  2 hound skeletons
  A howler monkey skeleton (D:5)
  A worker ant zombie (D:5)
  8 gnolls
  13 adders
  2 shadow imps
  3 oozes
  An adder zombie (D:6)
  An adder skeleton (D:4)
  3 worms (D:2)
  3 dart slugs
  8 leopard geckos
  31 orcs
  5 giant cockroaches
  9 goblins
  2 hobgoblins
  2 jackals (D:3)
  2 quokkas
  10 bats
  6 frilled lizards
  13 kobolds
  2 leopard gecko zombies
  7 rats
207 creatures vanquished.

Vanquished Creatures (others)
  4 fungi (D:9)
  A plant (D:9)
5 creatures vanquished.

Grand Total: 212 creatures vanquished

Notes
Turn   | Place    | Note
-------+----------+-------------------------------------------
     0 | D:1      | MackTheKnife the Demonspawn Gladiator began the quest for the Orb.
     0 | D:1      | Reached XP level 1. HP: 16/16 MP: 1/1
     9 | D:1      | You fall through a shaft!
    39 | D:2      | Reached skill level 3 in Axes
   244 | D:2      | Found a shadowy altar of Dithmenos.
   263 | D:2      | Noticed Sigmund
   291 | D:2      | Gained mutation: You have a pair of small horns on your head. [demonic ancestry]
   291 | D:2      | Reached XP level 2. HP: 22/22 MP: 2/2
   397 | D:2      | Reached XP level 3. HP: 26/27 MP: 3/3
   465 | D:2      | Reached skill level 4 in Axes
   960 | D:1      | Gained mutation: You have a pair of horns on your head. [demonic ancestry]
   960 | D:1      | Reached XP level 4. HP: 30/33 MP: 4/4
  2013 | D:3      | Noticed Terence
  2042 | D:2      | Reached skill level 5 in Axes
  2502 | D:2      | Reached XP level 5. HP: 29/38 MP: 5/5
  2618 | D:3      | HP: 8/38 [gnoll/spear (11)]
  3094 | D:3      | Killed Terence
  3094 | D:3      | Reached skill level 6 in Axes
  3281 | D:3      | Gained mutation: When seriously injured, your bleeding wounds create armour. (AC +6) [demonic ancestry]
  3281 | D:3      | Reached XP level 6. HP: 40/44 MP: 6/6
  3429 | D:4      | Found Kiol's Assorted Antiques.
  3436 | D:4      | Bought a granite ring for 80 gold pieces
  3472 | D:4      | Found Festroin's Magic Scroll Boutique.
  3672 | D:4      | Got an encrusted short sword
  3674 | D:4      | Identified the +1 short sword "Kuihunor" {vamp, *Slow rElec Dex+4 Stlth+} (You found it on level 4 of the Dungeon)
  3709 | D:4      | Found Duv Ytui's Antique Weapon Shop.
  3862 | D:4      | Found Ysum's Weapon Shoppe.
  3964 | D:4      | Noticed a slave
  3964 | D:4      | Noticed a slave
  3965 | D:4      | Noticed Pikel
  3965 | D:4      | Noticed a slave
  3977 | D:4      | Killed a slave
  4041 | D:3      | Killed a slave
  4256 | D:4      | HP: 9/44 [gnoll (4)]
  4269 | D:4      | HP: 9/44 [gnoll/spear (9)]
  4278 | D:4      | HP: 7/44 [gnoll/spear (3)]
  4537 | D:4      | Noticed a slave
  4546 | D:3      | Killed a slave
  4834 | D:4      | HP: 10/44 [slave[Pikel] (5)]
  4837 | D:4      | Killed a slave
  5352 | D:4      | Found Ybus's Book Boutique.
  5525 | D:4      | HP: 5/44 [ogre/giant club (20)]
  6426 | D:4      | Reached skill level 3 in Fighting
  6795 | D:5      | Entered Level 5 of the Dungeon
  6805 | D:4      | Reached XP level 7. HP: 28/53 MP: 7/7
  6970 | D:5      | Reached skill level 4 in Fighting
  7126 | D:5      | Found a shattered altar of Ashenzari.
  7136 | D:5      | Reached skill level 5 in Fighting
  7192 | D:5      | Noticed Duvessa
  7251 | D:5      | Noticed Dowan
  7541 | D:5      | Reached skill level 6 in Fighting
  7628 | D:5      | Reached skill level 1 in Shields
  7830 | D:5      | Killed Dowan
  7830 | D:5      | Reached skill level 7 in Axes
  7830 | D:5      | Reached XP level 8. HP: 62/62 MP: 8/8
  7832 | D:5      | Killed Duvessa
  8123 | D:6      | Reached skill level 2 in Shields
  8466 | D:4      | Bought a glowing hand axe for 120 gold pieces
  8824 | D:6      | Reached skill level 3 in Shields
  9079 | D:6      | Found a staircase to the Ecumenical Temple.
  9103 | Temple   | Entered the Ecumenical Temple
  9177 | Temple   | Became a worshipper of Makhleb the Destroyer
  9480 | D:7      | Reached skill level 8 in Axes
  9489 | D:7      | Reached skill level 4 in Shields
  9849 | D:7      | Reached XP level 9. HP: 36/68 MP: 9/9
 10825 | D:7      | Reached * piety under Makhleb
 10838 | D:7      | Reached skill level 9 in Axes
 11298 | D:7      | Noticed a two-headed ogre
 11602 | D:8      | Reached skill level 10 in Axes
 12117 | D:8      | Reached ** piety under Makhleb
 12744 | D:9      | Noticed a two-headed ogre
 12756 | D:9      | HP: 2/69 [two-headed ogre/giant club (22)]
 12757 | D:9      | Mangled by a two-headed ogre

Vault maps used:
D:1:      matt_arrival_spirals
D:2:      first_bread, nicolae_dithmenos_shadow_blocks, uniq_sigmund
D:3:      uniq_terence
D:4:      serial_shops, nicolae_shop_window_shopping, nicolae_shop_waterfront,
          shop, nicolae_shop_trees, shop, uniq_pikel
D:5:      ashenzari_conservatory_becter, hangedman_abyss_or_decor_slice,
          uniq_duvessa
D:6:      temple_statues
D:7:      interstate_on_off
D:9:      grunt_lair_entry_orc_guard_hut
Temple:   regret_index_temple_sigil_plot

Skill      XL: |  1  2  3  4  5  6  7  8  9 |
---------------+----------------------------+-----
Axes           | 3 4 5 6 7 8 10 | 10.9
Fighting       | 3 6 |  6.9
Shields        | 1 4 |  4.3
Throwing       | |  1.7
Dodging        | |  2.6

Action                   |  1- 3 |  4- 6 |  7- 9 || total
-------------------------+-------+-------+-------++-------
Melee: War axe           |    92 |   264 |   112 ||   468
       Headbutt          |    13 |    52 |    93 ||   158
       Hand axe          |       |       |   300 ||   300
 Fire: Blowgun           |       |       |     6 ||     6
Throw: Throwing net      |     5 |       |       ||     5
Invok: Minor Destruction |       |       |     3 ||     3
Evoke: Wand              |       |       |    13 ||    13
  Use: Scroll            |     1 |     4 |    11 ||    16
       Potion            |       |     8 |       ||     8
 Stab: Held in net/web   |     1 |       |       ||     1
  Eat: Chunk             |       |    22 |    17 ||    39
       Meat ration       |       |     1 |       ||     1
       Bread ration      |       |       |     1 ||     1
Armor: Leather armour    |     7 |       |       ||     7
       Ring mail         |    24 |   108 |    93 ||   225
Dodge: Dodged            |    86 |   212 |   147 ||   445
Block: Buckler           |       |       |    57 ||    57

Vault maps used:
D:1:      matt_arrival_spirals
D:2:      first_bread, nicolae_dithmenos_shadow_blocks, uniq_sigmund
D:3:      uniq_terence
D:4:      serial_shops, nicolae_shop_window_shopping, nicolae_shop_waterfront,
          shop, nicolae_shop_trees, shop, uniq_pikel
D:5:      ashenzari_conservatory_becter, hangedman_abyss_or_decor_slice,
          uniq_duvessa
D:6:      temple_statues
D:7:      interstate_on_off
D:9:      grunt_lair_entry_orc_guard_hut
Temple:   regret_index_temple_sigil_plot

Table legend:
 A = Turns spent in this place as a percentage of turns spent in the entire game.
 B = Non-inter-level travel turns spent in this place as a percentage of non-inter-level travel turns spent in the entire game.
 C = Inter-level travel turns spent in this place as a percentage of turns spent in this place.
 D = Turns resting spent in this place as a percentage of non-inter-level travel turns spent in this place.
 E = Turns spent auto-exploring this place as a percentage of non-inter-level travel turns spent in this place.
 F = Non-inter-level travel turns spent in this place divided by the number of levels of this place that you've seen.
                   A       B       C       D       E      F
               +-------+-------+-------+-------+-------+----------------------
         Total | 100.0 | 100.0 |   0.9 |   3.9 |   6.0 | 343.9
       Dungeon |  97.5 |  97.5 |   0.9 |   4.0 |   6.1 | 372.6
        Temple |   2.5 |   2.5 |   1.1 |   0.0 |   0.0 |  86.0
               +-------+-------+-------+-------+-------+----------------------

Table legend:
 A = Kills in this place as a percentage of kills in entire the game.
 B = Kills by you in this place as a percentage of kills by you in the entire game.
 C = Kills by friends in this place as a percentage of kills by friends in the entire game.
 D = Other kills in this place as a percentage of other kills in the entire game.
 E = Experience gained in this place as a percentage of experience gained in the entire game.
 F = Experience gained in this place divided by the number of levels of this place that you have seen.
                   A       B       C       D       E      F
               +-------+-------+-------+-------+-------+----------------------
         Total | 100.0 | 100.0 |  -nan |  -nan | 100.0 | 540.8
       Dungeon | 100.0 | 100.0 |  -nan |  -nan | 100.0 | 600.9
               +-------+-------+-------+-------+-------+----------------------
